 Dungeon Crawl Stone Soup version 0.29.1-1-gd02db6906a (webtiles) character file.

Game seed: 18090944453524104683

165 hawla the Firebug (level 6, -1/45 HPs)
             Began as a Meteoran Fire Elementalist on Oct 3, 2022.
             Frozen to death by an endoplasm (3 damage)
             ... on level 4 of the Dungeon.
             The game lasted 00:06:14 (1551 turns).

hawla the Firebug (Meteoran Fire Elementalist)      Turns: 1551, Time: 00:06:15

Health: -1/45      AC:  4    Str: 10    XL:     6   Next: 5%
Magic:  5/12       EV: 13    Int: 18    God:
Gold:   137        SH:  0    Dex: 15    Spells: 5/12 levels left

rFire   . . .      SeeInvis .   l - +0 quarterstaff
rCold   . . .      Faith    .   (shield currently unavailable)
rNeg    . . .      Spirit   .   a - +1 robe
rPois   .          Reflect  .   c - +0 helmet
rElec   .          Harm     .   (no cloak)
rCorr   .          Rampage  .   (no gloves)
Will    .....                   (no boots)
Stlth   +.........              (no amulet)
HPRegen 0.15/turn               (no ring)
MPRegen 0.13/turn               (no ring)

@: flying, glowing
A: sense surroundings 1, otherworldly, glowing, explore regen
a: no special abilities


You were on level 4 of the Dungeon.
You visited 1 branch of the dungeon, and saw 4 of its levels.

You collected 137 gold pieces.

Inventory:

Hand Weapons
 l - a +0 quarterstaff (weapon)
Missiles
 d - a throwing net
Armour
 a - a +1 robe (worn)
 c - a +0 helmet (worn)
Scrolls
 f - a scroll of magic mapping
 j - 3 scrolls of fear
 m - a scroll of identify
 n - a scroll of noise {unknown}
Potions
 b - a potion of magic
 e - 2 potions of might {unknown}
 g - a potion of ambrosia
 h - a potion of flight
 i - a potion of mutation {unknown}
 k - 2 potions of curing {unknown}


   Skills:
 - Level 2.8 Dodging
 - Level 1.4 Stealth
 - Level 3.8 Spellcasting
 * Level 2.8 Conjurations
 * Level 5.8 Fire Magic


You had 5 spell levels left.
You knew the following spells:

 Your Spells              Type           Power      Damage    Failure   Level
a - Foxfire               Conj/Fire      76%        2x1d7     2%          1
b - Scorch                Fire           48%        2d7       1%          2
c - Flame Wave            Conj/Fire      19%        2d7       26%         4

Your spell library contained the following spells:

 Spells                   Type           Power      Damage    Failure   Level
 Conjure Flame            Conj/Fire      19%        6-21      8%          3
 Inner Flame              Hex/Fire       13%        N/A       14%         3


Dungeon Overview and Level Annotations

Branches:
Dungeon (4/15) Zot: 849
 Temple: D:4-7

Altars:
Fedhas
Nemelex Xobeh
Trog

Annotations:
D:4 Menkaure


Innate Abilities, Weirdness & Mutations

You passively map a small area around you.
You are easily found by Zot.
You glow in the dark.
You regain HP and MP as you explore.


Message History

Casting: Foxfire (safe; 2% risk of failure)
Confirm with . or Enter, or press ? or * to list all spells.
Flames lash Menkaure.
Menkaure is burned terribly!
Menkaure is moderately damaged.
Menkaure's fire resistance burns away.
You hear a shout!
The foxfire hits Menkaure.
Menkaure is burned terribly!
Menkaure is heavily damaged.
The foxfire hits Menkaure.
Menkaure is burned terribly!
Menkaure is severely damaged.
Casting: Scorch (safe; 1% risk of failure)
Confirm with . or Enter, or press ? or * to list all spells.
Flames lash the hobgoblin.
You kill the hobgoblin!
Unknown command.
Found an escape hatch in the ceiling.
Menkaure calls on the powers of darkness!
The endoplasm convulses!
Your body is wracked with pain!
Casting: Scorch (safe; 1% risk of failure)
Confirm with . or Enter, or press ? or * to list all spells.
You conjure some foxfire!
Casting: Foxfire (safe; 2% risk of failure)
Confirm with . or Enter, or press ? or * to list all spells.
Flames lash Menkaure.
Menkaure is burned terribly!
Menkaure is almost destroyed.
The foxfire hits Menkaure but does no damage.
Menkaure is almost destroyed.
The foxfire hits Menkaure.
Menkaure is almost destroyed.
The endoplasm hits you but does no damage.
A goblin comes into view. It is wielding a +0 club.
Menkaure hits you!!
Ouch! That really hurt!
* * * LOW HITPOINT WARNING * * *
It was a potion of flight.
You feel very buoyant.
You fly up into the air.
The endoplasm freezes you.
You are frozen.
You die...

..## ##.###.........># *
...###.......##......#).
*
....#.........#........#
*
......#....(...##.......
....###..>...#..#.#.....
, *
....###########.#......
.......# #.#... ..
##..##..# *** #§#.#.. .,
,* #..## .... #.@J#... ,
..## * ##*, ##M.†.....
### ,.g....... , # * ,
.#...#...< #.......#.. *
* , . ......# . , ,
..,........ , * , ** ..
......... , , *


You could see Menkaure (combustible), an endoplasm and a goblin.

Vanquished Creatures
  A black bear (D:4)
  Jessica (D:2)
  2 adders
  A dart slug (D:1)
  5 endoplasms
  3 giant cockroaches
  3 goblins
  6 hobgoblins
  2 jackals (D:1)
  A kobold (D:1)
  2 quokkas
  4 bats
  4 frilled lizards
  3 rats (D:1)
38 creatures vanquished.

Vanquished Creatures (others)
  77 foxfires
77 creatures vanquished.

Grand Total: 115 creatures vanquished

Notes
Turn   | Place    | Note
-------+----------+-------------------------------------------
     0 | D:1      | hawla the Meteoran Fire Elementalist began the quest for
                  | the Orb.
     0 | D:1      | Reached XP level 1. HP: 14/14 MP: 5/5
    77 | D:1      | Reached skill level 4 in Fire Magic
    79 | D:1      | Reached XP level 2. HP: 15/20 MP: 1/6
   227 | D:1      | Reached XP level 3. HP: 26/26 MP: 6/8
   347 | D:1      | Learned a level 2 spell: Scorch
   500 | D:1      | Glimpsed the power of Zot.
   652 | D:2      | Found a sparkling altar of Nemelex Xobeh.
   694 | D:2      | Noticed Jessica
   698 | D:2      | Killed Jessica
   699 | D:2      | Reached XP level 4. HP: 33/33 MP: 4/10
   703 | D:2      | Found a faded altar of an unknown god.
  1111 | D:3      | Found a bloodstained altar of Trog.
  1178 | D:3      | Learned a level 4 spell: Flame Wave
  1206 | D:3      | Found a blossoming altar of Fedhas.
  1507 | D:4      | Reached XP level 5. HP: 38/38 MP: 7/11
  1510 | D:4      | Found a sparkling altar of Nemelex Xobeh.
  1510 | D:4      | Noticed a black bear
  1517 | D:4      | Killed a black bear
  1518 | D:4      | Reached skill level 5 in Fire Magic
  1518 | D:4      | Reached XP level 6. HP: 45/45 MP: 3/12
  1544 | D:4      | Noticed Menkaure
  1550 | D:4      | HP: 2/45 [Menkaure (23)]
  1551 | D:4      | Frozen to death by an endoplasm

Illustrated notes

Levels and vault maps discovered:
D:1:      amcnicky_arrival_double_pillar, layout_loops_cross
D:2:      layout_rooms, basic_ecumenical_altar, basic_altar, uniq_jessica
D:3:      layout_basic, lemuel_crystal_altar, fedhas_altar_2, nicolae_titane
D:4:      layout_rooms, nicolae_ru_the_path_less_chosen,
          lemuel_coloured_pillars_altar, mainiacjoe_overflow_tiny_flanked,
          serial_shops, nicolae_shop_waterfront, gammafunk_ghost_nasty_kobolds,
          uniq_menkaure

Skill      XL: |  1  2  3  4  5 |
---------------+----------------+-----
Fire Magic     | 4 5 |  5.8
Spellcasting   | 3 |  3.8
Conjurations   | 2 |  2.8
Dodging        | |  2.8
Stealth        | |  1.4

Action                   |  1- 3 |  4- 6 || total
-------------------------+-------+-------++-------
Melee: Unarmed           |     3 |       ||     3
       Dagger            |     5 |     5 ||    10
 Cast: Foxfire           |    28 |    21 ||    49
       Scorch            |     3 |    14 ||    17
  Use: Scroll            |     6 |     3 ||     9
       Potion            |       |     1 ||     1
Armor: Robe              |     2 |     5 ||     7
Dodge: Dodged            |    10 |     1 ||    11
